 Dungeon Crawl Stone Soup version 0.26-a0-27-g1f02269 (webtiles) character file.

Game seed: 7799718616177207208, levelgen mode: deterministic

2536 Illumine the Thaumaturge (level 9, -2/52 HPs)
             Began as a Deep Elf Fire Elementalist on May 26, 2020.
             Was an Initiate of Vehumet.
             Slain by Pikel
             ... wielding a +2 whip of freezing
              (3 damage)
             ... on level 7 of the Dungeon on May 27, 2020.
             The game lasted 00:19:36 (8101 turns).

Illumine the Thaumaturge (DEFE)                     Turns: 8101, Time: 00:19:36

Health: -2/52      AC:  9    Str: 10    XL:     9   Next: 30%
Magic:  19/23      EV: 17    Int: 23    God:    Vehumet [......]
Gold:   332        SH:  0    Dex: 15    Spells: 11/24 levels left

rFire    . . .     SeeInvis .   f - +1 whip (elec)
rCold    . . .     Gourm    .   (no shield)
rNeg     + + .     Faith    .   r - +2 robe of Masochism {rN++ Str+4}
rPois    .         Spirit   .   y - +0 hat
rElec    .         Reflect  .   h - +1 cloak
rCorr    .         Harm     .   G - +2 pair of gloves
MR       .....                  (no boots)
Stlth    ++........             (no amulet)
HPRegen  0.17/turn              (no ring)
MPRegen  0.18/turn              (no ring)

@: no status effects
A: no striking features
a: Renounce Religion


You were on level 7 of the Dungeon.
You worshipped Vehumet.
Vehumet was noncommittal.
You were not hungry.

You visited 2 branches of the dungeon, and saw 8 of its levels.

You collected 332 gold pieces.

Inventory:

Hand Weapons
 e - a +0 short sword
 f - a +1 whip of electrocution (weapon)
 i - a +0 short sword of speed
 p - a +2 dagger of flaming
 z - a +4 quarterstaff
 E - the +8 mace "Loguem" {vorpal, +Inv rF++ Int-2, unknown}
   (You found it on level 6 of the Dungeon)

   It inflicts extra damage upon your enemies.
   It affects your intelligence (-2).
   It greatly protects you from fire.
   It lets you turn invisible.
Missiles
 m - a boomerang of dispersal (quivered)
Armour
 a - a +0 robe
 h - a +1 cloak (worn)
 r - the +2 robe of Masochism (worn) {rN++ Str+4}
   (You found it on level 5 of the Dungeon)

   It affects your strength (+4).
   It greatly protects you from negative energy.
 y - a +0 hat (worn)
 G - a +2 pair of gloves (worn)
Jewellery
 H - a cursed -4 ring of evasion {unknown}
 J - a +4 ring of protection {unknown}
Wands
 v - a wand of iceblast (4)
 I - a wand of flame (18)
Scrolls
 d - 4 scrolls of enchant armour
 g - 3 scrolls of amnesia
 j - 2 scrolls of magic mapping {unknown}
 l - 6 scrolls of teleportation
 u - a scroll of immolation {unknown}
 B - a scroll of blinking
 F - a scroll of random uselessness {unknown}
 L - a scroll of enchant weapon {unknown}
Potions
 b - a potion of resistance {unknown}
 k - a potion of brilliance {unknown}
 n - 6 potions of curing
 o - a potion of lignification {unknown}
 q - a potion of haste {unknown}
 s - 3 potions of heal wounds
 t - 2 potions of degeneration {unknown}
 w - 3 potions of stabbing {unknown}
 x - 4 potions of mutation {unknown}
 A - a potion of experience {unknown}
 C - a potion of might {unknown}
 D - a potion of flight {unknown}
Comestibles
 c - 8 rations
 K - a chunk of flesh


   Skills:
 + Level 4.4 Fighting
 + Level 7.1 Dodging
 - Level 2.7 Stealth
 + Level 8.1 Spellcasting
 + Level 6.1 Conjurations
 + Level 7.0 Fire Magic


You had 11 spell levels left.
You knew the following spells:

 Your Spells              Type           Power        Failure   Level  Hunger
a - Foxfire               Conj/Fire      ####         1%          1    None
b - Conjure Flame         Conj/Fire      #####...     1%          3    None
c - Sticky Flame          Conj/Fire      #####...     4%          4    ###....
d - Fireball              Conj/Fire      #####.....   13%         5    #####..

Your spell library contained the following spells:

 Spells                   Type           Power        Failure   Level  Hunger
 Inner Flame              Hex/Fire       ####....     4%          3    None


Dungeon Overview and Level Annotations

Branches:
Dungeon (7/15)             Temple (1/1) D:4

Altars:
Ashenzari
Cheibriados
Dithmenos
Fedhas
Gozag
Hepliaklqana
Makhleb
Okawaru
Qazlal
Ru
Sif Muna
Trog
Uskayaw
Vehumet
Wu Jian
Xom
Yredelemnul
The Shining One

Shops:
D:5 :

Annotations:
D:7 Pikel


Message History

Pikel freezes you. The slave hits you but does no damage.
You hit Pikel.
Pikel is severely wounded.
The foxfire hits Pikel!
Pikel is almost dead.
The foxfire hits Pikel.
Pikel is almost dead.
Pikel hits you with a +2 whip of freezing.
Pikel freezes you. The slave closely misses you.
Pikel hits you with a +2 whip of freezing!
* * * LOW HITPOINT WARNING * * *
Pikel freezes you.
* * * LOW HITPOINT WARNING * * *
Casting: Foxfire (safe; 1% risk of failure)
Confirm with . or Enter, or press ? or * to list all spells.
You conjure some foxfire!
The slave completely misses you.
Pikel hits you with a +2 whip of freezing.
* * * LOW HITPOINT WARNING * * *
Pikel freezes you.
You die...

#8. #.# #. #.# #####
#8 #.######## #.... #
#..(.....# #.###
#.######.# #.# #.#
#.# #.# #.# #.# ###
#.# #.#
####v########.###)###
... #.#
#..K@p.......#.......
#_# #.#
#.##v######.###......
###### #.# #.##.#
#..#..#..## #.##.#
#.#
#.##.######.#.#.#..#
#<##.# #<#
#.##........###....#
#.##.# #.#
#.#########.#.#.##.##
#.##.# #.# #.#
#)..K.......
#.##.####.###.###
#..#.####.##
#...............#
#<.#.####.##


You could see Pikel and a slave.

Vanquished Creatures
  Grinder (D:6)
  Eustachio (D:4)
  2 ice beasts (D:5)
  An orc warrior (D:6)
  3 slaves (D:7)
  3 ogres
  A necrophage (D:7)
  A phantom (D:4)
  A big kobold (D:5)
  4 bullfrogs
  2 scorpions
  A howler monkey (D:4)
  3 crimson imps
  2 bullfrog zombies
  3 hounds (D:6)
  A jelly (D:6)
  A bullfrog skeleton (D:6)
  5 orc priests
  4 orc wizards
  An iguana (D:4)
  8 worker ants
  11 adders
  An adder zombie (D:5)
  2 worms (D:2)
  2 dart slugs
  6 leopard geckos
  24 orcs
  3 ball pythons
  5 giant cockroaches
  6 hobgoblins
  3 jackals (D:2)
  3 quokkas
  5 bats
  5 frilled lizards
  12 goblins
  13 kobolds
  A leopard gecko skeleton (D:5)
  5 rats
156 creatures vanquished.

Vanquished Creatures (collateral kills)
  A frilled lizard (D:3)
1 creature vanquished.

Vanquished Creatures (others)
  500 foxfires
  A plant (D:5)
501 creatures vanquished.

Grand Total: 658 creatures vanquished

Notes
Turn   | Place    | Note
-------+----------+-------------------------------------------
     0 | D:1      | Illumine the Deep Elf Fire Elementalist began the quest for
                  | the Orb.
     0 | D:1      | Reached XP level 1. HP: 10/10 MP: 6/6
   141 | D:1      | Reached XP level 2. HP: 16/16 MP: 5/8
   142 | D:1      | Upgraded the game from 0.26-a0-21-gf97e55d to
                  | 0.26-a0-27-g1f02269
  1058 | D:2      | Reached XP level 3. HP: 20/20 MP: 8/10
  1086 | D:2      | Learned a level 3 spell: Conjure Flame
  1480 | D:2      | Reached skill level 1 in Fighting
  1819 | D:2      | Found a sacrificial altar of Ru.
  2417 | D:3      | Reached XP level 4. HP: 25/25 MP: 9/11
  2423 | D:3      | Learned a level 4 spell: Sticky Flame
  2614 | D:3      | Reached skill level 4 in Spellcasting
  2862 | D:3      | Reached XP level 5. HP: 29/29 MP: 9/13
  3630 | D:3      | Reached XP level 6. HP: 20/35 MP: 11/15
  3980 | D:4      | Noticed Eustachio
  4052 | D:4      | Reached skill level 5 in Spellcasting
  4323 | D:4      | Found an opulent altar of Gozag.
  4397 | D:4      | Killed Eustachio
  4397 | D:4      | Reached XP level 7. HP: 39/40 MP: 7/17
  4546 | D:4      | Found a staircase to the Ecumenical Temple.
  4552 | Temple   | Entered the Ecumenical Temple
  4654 | D:4      | Found a glowing golden altar of the Shining One.
  4804 | D:5      | Entered Level 5 of the Dungeon
  4915 | D:4      | Reached skill level 5 in Fire Magic
  4943 | D:5      | Reached skill level 5 in Dodging
  4961 | D:5      | Got a slimy robe
  5056 | D:5      | Reached skill level 6 in Spellcasting
  5080 | D:5      | Learned a level 5 spell: Fireball
  5293 | D:5      | Reached XP level 8. HP: 39/46 MP: 14/19
  5645 | D:5      | Found Quol's Book Emporium.
  5906 | D:5      | Identified the +2 robe of Masochism {rN++ Str+4} (You found
                  | it on level 5 of the Dungeon)
  6106 | D:6      | Noticed Grinder
  6184 | D:6      | Found a shattered altar of Ashenzari.
  6397 | D:6      | Got a jewelled mace
  6421 | D:6      | Paralysed by Grinder for 4 turns
  6430 | D:6      | Killed Grinder
  6430 | D:6      | Reached skill level 7 in Spellcasting
  6430 | D:6      | Reached skill level 5 in Conjurations
  6769 | D:6      | Reached XP level 9. HP: 51/52 MP: 19/22
  7307 | D:6      | Found a radiant altar of Vehumet.
  7317 | D:6      | Became a worshipper of Vehumet
  7478 | D:7      | Reached skill level 8 in Spellcasting
  7529 | D:7      | Noticed Pikel
  7644 | D:7      | Found a shimmering altar of Xom.
  8101 | D:7      | HP: 1/52 [Pikel/+2 whip of freezing (5)]
  8101 | D:7      | Slain by Pikel

Illustrated notes

Levels and vault maps discovered:
D:1:      nzn_arrival_settlement, layout_basic
D:2:      layout_basic, nicolae_ru_the_path_less_chosen, first_ration
D:3:      layout_loops_cross
D:4:      layout_cave_pools, nicolae_tso_swordbearing_angel,
          minmay_temple_entry_enclosed_plants,
          nicolae_gozag_cash_rules_everything_around_me, uniq_eustachio
D:5:      layout_rooms, serial_shops, shop, lexackson_kobold_supper
D:6:      layout_loops_cross, vehumet_altar_wand_db, evilmike_ruin_ashenzari,
          uniq_grinder
D:7:      layout_loops_ring, nicolae_overflow_hidden_temple, uniq_pikel
Temple:   eino_temple_lava

Skill      XL: |  1  2  3  4  5  6  7  8  9 |
---------------+----------------------------+-----
Fighting       | 1 2 3 4 |  4.4
Dodging        | 3 4 5 6 7 |  7.1
Conjurations   | 2 3 4 5 6 |  6.1
Spellcasting   | 4 5 6 7 8 |  8.1
Fire Magic     | 4 5 6 7 |  7.0
Stealth        | |  2.7

Action                   |  1- 3 |  4- 6 |  7- 9 || total
-------------------------+-------+-------+-------++-------
Melee: Whip              |     3 |    34 |    74 ||   111
Throw: Boomerang         |       |       |     1 ||     1
 Cast: Foxfire           |    61 |    93 |   164 ||   318
       Conjure Flame     |       |       |     4 ||     4
       Sticky Flame      |       |       |     2 ||     2
  Use: Scroll            |       |     6 |     1 ||     7
       Potion            |       |     1 |     1 ||     2
 Stab: Sleeping          |       |       |     2 ||     2
  Eat: Chunk             |     3 |     7 |    12 ||    22
Armor: Robe              |       |    16 |    32 ||    48
Dodge: Dodged            |     3 |    60 |   102 ||   165

Table legend:
 A = Non-vault XP
 B = Vault XP
 C = Vault XP percentage of total XP
 D = Non-vault monster count
 E = Vault monster count
 F = Vault count percentage of total count
                 A         B        C        D         E       F
            +---------+---------+-------+---------+---------+-------
      Total |    3033 |     590 |  16.3 |     144 |      10 |   6.5
            +---------+---------+-------+---------+---------+-------
        D:1 |      37 |       0 |   0.0 |      21 |       0 |   0.0
        D:2 |      49 |       0 |   0.0 |      17 |       0 |   0.0
        D:3 |     344 |       0 |   0.0 |      31 |       0 |   0.0
        D:4 |     361 |     188 |  34.2 |      18 |       1 |   5.3
        D:5 |     804 |     114 |  12.4 |      24 |       7 |  22.6
        D:6 |    1152 |     288 |  20.0 |      26 |       2 |   7.1
        D:7 |     286 |       0 |   0.0 |       7 |       0 |   0.0
            +---------+---------+-------+---------+---------+-------
